 Dungeon Crawl Stone Soup version 0.28-a0-1447-ga5a8893891 (webtiles) character file.

Game seed: 4721110234679622161

53 testman the Poker (level 4, -11/34 (35) HPs)
             Began as a Formicid Abyssal Knight on Jan 11, 2022.
             Was a Believer of Lugonu.
             Mangled by Crazy Yiuf (15 damage)
             ... on level 2 of the Dungeon.
             The game lasted 00:07:28 (1965 turns).

testman the Poker (Formicid Abyssal Knight)         Turns: 1965, Time: 00:07:29

HP:   -11/34 (35)   AC:  6    Str: 20    XL:     4   Next: 10%
MP:   0/5           EV: 10    Int:  9    God:    Lugonu [**....]
Gold: 82            SH:  0    Dex: 11    Spells: 3/3 levels left

rFire   . . .      SeeInvis +   a - +1 spear
rCold   . . .      Faith    .   (no shield)
rNeg    . . .      Spirit   .   d - +0 ring mail
rPois   .          Reflect  .   (helmet unavailable)
rElec   .          Harm     .   g - +0 cloak
rCorr   .          Rampage  .   (no gloves)
Will    .....                   (no boots)
Stlth   +.........              (no amulet)
HPRegen 0.11/turn               (no ring)
MPRegen 0.09/turn               (no ring)

@: lightly drained
A: permanent stasis, dig shafts and tunnels, antennae 3, four strong arms
a: Dig, Shaft Self, Renounce Religion, Depart the Abyss, Bend Space


You were on level 2 of the Dungeon.
You worshipped Lugonu.
Lugonu was pleased with you.
You visited 1 branch of the dungeon, and saw 2 of its levels.
You visited the Abyss 1 time.

You collected 82 gold pieces.

Inventory:

Hand Weapons
 a - a +1 spear (weapon)
 h - a +0 hunting sling
Missiles
 e - 19 sling bullets
 f - 114 stones (quivered)
 l - 28 bolts
Armour
 b - a +0 leather armour
 d - a +0 ring mail (worn)
 g - a +0 cloak (worn)
Potions
 j - a potion of attraction {unknown}


   Skills:
 + Level 3.3 Fighting
 + Level 4.0 Polearms
 - Level 2.1 Armour
 + Level 0.9 Dodging
 + Level 2.2 Invocations


You had 3 spell levels left.
You didn't know any spells.
Your spell library was empty.

Dungeon Overview and Level Annotations

Branches:
Dungeon (2/15)

Altars:

Annotations:
D:2 Crazy Yiuf


Innate Abilities, Weirdness & Mutations

You cannot be hasted, slowed, berserked, paralysed or teleported.
You can dig through walls and to a lower floor.
You have a pair of large antennae on your head. (SInv)
Your four strong arms can wield two-handed weapons with a shield.


Message History

You hit Crazy Yiuf.
Crazy Yiuf is moderately wounded.
Crazy Yiuf hits you but does no damage.
You feel drained.
You barely miss Crazy Yiuf.
Crazy Yiuf is moderately wounded.
Crazy Yiuf hits you with a +3 quarterstaff of chaos!
You are poisoned.
You hit Crazy Yiuf.
Crazy Yiuf is moderately wounded.
You feel very sick.
Crazy Yiuf grits, "Goldfish shrimp seventy!"
Crazy Yiuf hits you with a +3 quarterstaff of chaos!
* * * LOW HITPOINT WARNING * * *
You feel your power leaking away.
Press: ? - help, v - describe, . - travel
Here: Crazy Yiuf, wielding a +3 quarterstaff of chaos and wearing a +0 cloak (moderately wounded)
An open translucent door.
Unknown command.
Unknown command.
* * * LOW HITPOINT WARNING * * *
You feel very sick.
* * * LOW HITPOINT WARNING * * *
You feel sick.
You feel better. Crazy Yiuf barely misses you.
Press: ? - help, v - describe, . - travel
Here: Crazy Yiuf, wielding a +3 quarterstaff of chaos and wearing a +0 cloak (moderately wounded)
The floor.
You barely miss Crazy Yiuf.
Crazy Yiuf is moderately wounded.
Crazy Yiuf hits you with a +3 quarterstaff of chaos!
* * * LOW HITPOINT WARNING * * *
Crazy Yiuf freezes you.
* * * LOW HITPOINT WARNING * * *
You barely miss Crazy Yiuf.
Crazy Yiuf is moderately wounded.
Crazy Yiuf barely misses you.
You hit Crazy Yiuf.
Crazy Yiuf is heavily wounded.
Crazy Yiuf hits you with a +3 quarterstaff of chaos!
You die...

#.......#.##.###....#
###...###.##.....####
#...# #.######## #####
#.# ### ♣ ### ##### ♣
##.## ♣♣♣♣♣## #...#
♣##...## ###
♣♣♣.♣.P.####...###
.+.....#
#...#♣g@♣..P..........#
♣#.....#
#...'.♣♣♣♣P...........#
♣#.....# #)..#♣♣
♣♣P.#........# ♣##...##
### ♣♣##>##...#.# ##.##
#.##...#.# #...##
#.###..#.# #....#
###### #.# ##.#.#
#....# #....# ..# #.#.#
######.# ####'##
#.####.#.#


You could see Crazy Yiuf.

Vanquished Creatures
  Robin (D:2)
  4 bats
  2 endoplasms (D:1)
  2 giant cockroaches
  6 hobgoblins (D:2)
  A quokka (D:1)
  4 ball pythons
  3 frilled lizards
  13 goblins
  2 rats
38 creatures vanquished.

Notes
Turn   | Place    | Note
-------+----------+-------------------------------------------
     0 | Abyss:1  | testman the Formicid Abyssal Knight began the quest for the
                  | Orb.
     0 | Abyss:1  | Reached XP level 1. HP: 18/18 MP: 2/2
    57 | D:1      | Escaped the Abyss
   494 | D:1      | Reached XP level 2. HP: 22/24 MP: 3/3
   716 | D:1      | Reached skill level 3 in Polearms
   888 | D:2      | Reached ** piety under Lugonu
   889 | D:2      | Reached XP level 3. HP: 29/29 MP: 4/4
  1029 | D:2      | Noticed Robin
  1041 | D:2      | Killed Robin
  1547 | D:2      | Found a faded altar of an unknown god.
  1565 | D:2      | Reached skill level 4 in Polearms
  1565 | D:2      | Reached XP level 4. HP: 35/35 MP: 5/5
  1950 | D:2      | Found a runed translucent door.
  1951 | D:2      | Noticed Crazy Yiuf
  1965 | D:2      | Mangled by Crazy Yiuf

Illustrated notes

Levels and vault maps discovered:
D:1:      co_arrival_square_in_a_square_in_a_square, layout_loops_cross,
          corexii_hall_statues_u
D:2:      layout_loops_corners, hellmonk_ecumenical_altar_zigzags,
          kennysheep_generic_room_2, uniq_robin, uniq_crazy_yiuf_cottage

Skill      XL: |  1  2  3 |
---------------+----------+-----
Polearms       | 3 4 |  4.0
Fighting       | |  3.3
Armour         | |  2.1
Dodging        | |  0.9
Invocations    | |  2.2

Action                   |  1- 3 |  4- 6 || total
-------------------------+-------+-------++-------
Melee: Spear             |   121 |    18 ||   139
  Use: Scroll            |       |     2 ||     2
       Potion            |       |     1 ||     1
Armor: Ring mail         |    43 |     4 ||    47
Dodge: Dodged            |    61 |     8 ||    69

Table legend: (Time is in decaauts)
 A = Elapsed time spent in this place.
 B = Non-inter-level travel time spent in this place.
 C = Inter-level travel time spent in this place.
 D = Time resting spent in this place.
 E = Time spent auto-exploring this place.
 F = Levels seen in this place.
 G = Mean time per level.
                   A        B        C        D        E       F      G
               +--------+--------+--------+--------+--------+-----+--------+
         Total |   1956 |   1939 |     17 |    315 |   1304 |   4 |  489.0 |
       Dungeon |   1899 |   1882 |     17 |    315 |   1279 |   2 |  949.5 |
         Abyss |     56 |     56 |      0 |      0 |     25 |   2 |   28.0 |
               +--------+--------+--------+--------+--------+-----+--------+

Top non-repeatable levels by time:
     D:2: 1073 daAuts
     D:1: 825 daAuts
 Abyss:1: 34 daAuts
 Abyss:2: 22 daAuts
